 Dungeon Crawl Stone Soup version 0.20.1-1-g8b1a95d (webtiles) character file.

6577 grizmgrazm2 the Frost Mage (level 11, -10/94 HPs)
             Began as a Ghoul Ice Elementalist on Oct 29, 2017.
             Was a Priest of Yredelemnul.
             Mangled by an eight-headed hydra (12 damage)
             ... on level 11 of the Dungeon.
             The game lasted 00:59:40 (11707 turns).

grizmgrazm2 the Frost Mage (GhIE)                  Turns: 11707, Time: 00:59:41

Health: -10/94     AC: 12    Str: 13    XL:     11   Next: 1%
Magic:  8/19       EV: 10    Int: 13    God:    Yredelemnul [***...]
Gold:   626        SH:  0    Dex:  9    Spells: 16/23 levels left

rFire    . . .     SeeInvis +   h - +7 hunting sling
rCold    + . .     Gourm    .   (no shield)
rNeg     + + +     Faith    .   A - +0 ring mail
rPois    ∞         Spirit   .   (no helmet)
rElec    .         Reflect  .   o - +1 cloak
rCorr    .         Harm     .   J - +1 pair of gloves
MR       .....                  k - +2 pair of boots
Stlth    ++........             (no amulet)
Regen    0.0/turn               u - ring of stealth
MPRegen  0.2/turn               L - ring of see invisible

@: rotting
A: rotting body, claws 1, carnivore 3, cold resistance 1, negative energy
resistance 3, inhibited regeneration, torment resistance, unbreathing
a: Recall Undead Slaves, Injury Mirror, Animate Dead, Renounce Religion


You were on level 11 of the Dungeon.
You worshipped Yredelemnul.
Yredelemnul was most pleased with you.
You were not hungry.

You visited 2 branches of the dungeon, and saw 12 of its levels.
You also visited: Sewer.

You collected 626 gold pieces.

Inventory:

Hand Weapons
 h - a +7 hunting sling (weapon)
 n - a +0 spear
 y - a +2 whip of pain
 E - the +7 Singing Sword
   (You found it on level 5 of the Dungeon)
Missiles
 g - 234 stones (quivered)
Armour
 k - a +2 pair of boots (worn)
 o - a +1 cloak (worn)
 A - a +0 ring mail (worn)
 D - the +1 robe of Ufeh {+Inv rF+ Str-2}
   (You found it on level 4 of the Dungeon)

   It affects your strength (-2).
   It protects you from fire.
   It lets you turn invisible.
 J - a +1 pair of gloves (worn)
Jewellery
 d - an uncursed ring of resist corrosion
 u - a ring of stealth (left hand)
 x - an uncursed ring of fire {unknown}
 L - a ring of see invisible (right hand)
Wands
 j - a wand of digging (16/24)
 r - a wand of iceblast (3/15)
 w - a wand of digging (20/24)
 I - a wand of iceblast (8/15)
 K - a wand of flame (9/48)
 M - a wand of flame (28/48)
Scrolls
 e - a scroll of blinking
 f - 7 scrolls of teleportation
 t - a scroll of remove curse
 z - 3 scrolls of fear
 H - 3 scrolls of amnesia
 N - a scroll of identify
Potions
 a - 5 potions of flight
 i - a potion of haste {unknown}
 l - 2 potions of resistance {unknown}
 m - 2 potions of mutation {unknown}
 p - 11 potions of curing
 q - 2 potions of berserk rage {unknown}
 s - 2 potions of heal wounds
 B - 2 potions of magic {unknown}
 C - 2 potions of might {unknown}
 F - a potion of ambrosia {unknown}
Books
 b - a book of Frost

   Spells                             Type                      Level
   a - Freeze                         Ice                          1
   b - Throw Frost                    Conjuration/Ice              2
   c - Ozocubu's Armour               Charms/Ice                   3
   d - Throw Icicle                   Conjuration/Ice              4
   e - Summon Ice Beast               Ice/Summoning                4
 G - a book of Clouds

   Spells                             Type                      Level
   a - Poisonous Vapours              Poison/Air                   2
   b - Mephitic Cloud                 Conjuration/Poison/Air       3
   c - Conjure Flame                  Conjuration/Fire             3
   d - Freezing Cloud                 Conjuration/Ice/Air          6
   e - Ring of Flames                 Charms/Fire                  7
 P - a book of Misfortune

   Spells                             Type                      Level
   a - Confusing Touch                Hexes                        1
   b - Confuse                        Hexes                        3
   c - Gell's Gravitas                Translocation                3
   d - Petrify                        Transmutation/Earth          4
   e - Metabolic Englaciation         Hexes/Ice                    5
   f - Yara's Violent Unravelling     Hexes/Transmutation          5
Comestibles
 c - 6 meat rations
 v - 3 royal jellies
 O - 17 chunks of flesh


   Skills:
 + Level 8.1 Fighting
 - Level 1.1 Slings
 - Level 1.8 Dodging
 - Level 2.5 Stealth
 + Level 6.6 Spellcasting
 - Level 0.7 Conjurations
 * Level 6.3 Summonings
 - Level 10.1 Ice Magic
 + Level 5.0 Invocations


You had 16 spell levels left.
You knew the following spells:

 Your Spells              Type           Power        Failure   Level  Hunger
a - Freeze                Ice            ####         1%          1    None
b - Throw Frost           Conj/Ice       ###...       5%          2    #......
c - Summon Ice Beast      Ice/Summ       ####....     12%         4    ####...


Dungeon Overview and Level Annotations

Branches:
Dungeon (11/15)            Temple (1/1) D:6             Orc (0/2) D:11
   Lair: D:8-11

Altars:
Ashenzari
Cheibriados
Dithmenos
Elyvilon
Fedhas
Gozag
Hepliaklqana
Kikubaaqudgha
Makhleb
Nemelex Xobeh
Okawaru
Qazlal
Ru
Sif Muna
Trog
Uskayaw
Vehumet
Xom
Yredelemnul
Zin
The Shining One

Shops:
D:5 (


Innate Abilities, Weirdness & Mutations

Your body is rotting away.
You thrive on raw meat.
You are immune to poison.
You have sharp fingernails.
You are carnivorous and can eat meat at any time.
Your flesh is cold resistant. (rC+)
You are immune to negative energy. (rN+++)
You do not regenerate when monsters are visible.
You are immune to unholy pain and torment.
You can survive without breathing.


Message History

You eat one of the 18 chunks of flesh.
This raw flesh tastes great!
The eight-headed hydra is no longer moving slowly.
The eight-headed hydra bites you!
The eight-headed hydra barely misses you.
The eight-headed hydra bites you. x2
The eight-headed hydra barely misses you.
The eight-headed hydra bites you!
The eight-headed hydra barely misses you.
The eight-headed hydra bites you!
* * * LOW HITPOINT WARNING * * *
The eight-headed hydra bites you.
* * * LOW HITPOINT WARNING * * *
The eight-headed hydra bites you!
* * * LOW HITPOINT WARNING * * *
The eight-headed hydra barely misses you.
The eight-headed hydra bites you.
* * * LOW HITPOINT WARNING * * *
The eight-headed hydra bites you!
You die...
Yredelemnul claims you as an undead slave.

#.. ...#...
#.8. .8.....
...# ##...#
#.#'###'#
#.##..)##
#.##.>.#
#.##...##
##)#'###'####
######).)##
##@D.#
......(8.#
#.8('.#
....#.(.#
#...### .##
#)### ##'##
#)# ..# #)#
.## #)# . #)#
#. #<#


You could see an eight-headed hydra.

Vanquished Creatures
  A two-headed ogre (D:10)
  A hippogriff (D:7)
  A wraith (D:11)
  A hungry ghost (D:7)
  Menkaure (D:4)
  Duvessa (D:6)
  An ice beast (D:8)
  Purgy (Sewer)
  4 orc warriors
  2 phantoms
  2 sky beasts
  A black bear (D:7)
  4 ogres
  A centaur (D:10)
  A big kobold (D:8)
  5 bullfrogs
  Dowan (D:6)
  11 scorpions
  4 killer bees (D:8)
  4 electric eels (D:7)
  A howler monkey (D:10)
  3 crimson imps
  2 centaur zombies
  A bullfrog zombie (D:5)
  10 orc priests
  3 hounds
  A jelly (D:10)
  8 orc wizards
  4 centaur skeletons
  2 bullfrog skeletons (D:7)
  8 worker ants
  Ijyb (D:3)
  7 iguanas
  A killer bee zombie (D:8)
  A hound zombie (D:8)
  3 gnolls (D:4)
  14 adders
  2 adder zombies (D:9)
  5 worms
  14 dart slugs
  5 leopard geckos
  48 orcs
  17 bats
  3 giant cockroaches
  10 goblins
  7 hobgoblins
  2 jackals (D:2)
  3 kobolds
  2 quokkas
  2 ball pythons (D:1)
  6 frilled lizards
  A jackal zombie (D:7)
  7 rats
  4 fungi (D:5)
256 creatures vanquished.

Vanquished Creatures (collateral kills)
  A gargoyle (D:9)
  Psyche (D:8)
  A wraith (D:10)
  A yak (D:11)
  A black bear (D:10)
  2 killer bees (D:8)
  An orc priest (D:10)
  A jelly (D:11)
  An orc wizard (D:8)
  A worker ant (D:9)
  9 orcs
20 creatures vanquished.

Vanquished Creatures (others)
  10 fungi (D:5)
10 creatures vanquished.

Grand Total: 286 creatures vanquished

Notes
Turn   | Place    | Note
-------+----------+-------------------------------------------
     0 | D:1      | grizmgrazm2 the Ghoul Ice Elementalist began the quest for the Orb.
     0 | D:1      | Reached XP level 1. HP: 14/14 MP: 2/2
   117 | D:1      | Reached XP level 2. HP: 20/20 MP: 0/3
   121 | D:1      | Learned a level 2 spell: Throw Frost
   277 | D:1      | Found a glowing golden altar of the Shining One.
   691 | D:1      | Reached XP level 3. HP: 26/26 MP: 5/5
  1196 | D:2      | Reached skill level 1 in Slings
  1556 | D:2      | Reached skill level 4 in Ice Magic
  1578 | D:2      | Reached XP level 4. HP: 33/33 MP: 6/6
  1584 | D:2      | Learned a level 4 spell: Summon Ice Beast
  2365 | D:3      | Noticed Ijyb
  2372 | D:3      | Killed Ijyb
  2445 | D:3      | Reached skill level 1 in Fighting
  2445 | D:3      | Reached XP level 5. HP: 37/40 MP: 5/8
  2830 | D:4      | Noticed Menkaure
  3029 | D:4      | Killed Menkaure
  3029 | D:4      | Reached skill level 5 in Ice Magic
  3029 | D:4      | Reached XP level 6. HP: 40/50 MP: 2/9
  3273 | D:4      | Reached skill level 6 in Ice Magic
  3451 | D:4      | Reached XP level 7. HP: 57/57 MP: 6/10
  3911 | D:5      | Entered Level 5 of the Dungeon
  4204 | D:5      | Reached skill level 7 in Ice Magic
  4205 | D:5      | Found a glowing drain.
  4217 | Sewer    | Entered a sewer
  4256 | Sewer    | Noticed Purgy
  4267 | Sewer    | Killed Purgy
  4547 | D:5      | Reached XP level 8. HP: 63/66 MP: 8/12
  4658 | D:4      | Got a shadowed robe
  4853 | D:5      | Reached skill level 8 in Ice Magic
  5154 | D:5      | Reached skill level 5 in Fighting
  5480 | D:5      | Reached skill level 9 in Ice Magic
  5595 | D:5      | Reached XP level 9. HP: 62/74 MP: 10/15
  5678 | D:5      | Found a white marble altar of Elyvilon.
  5698 | D:5      | Reached skill level 5 in Spellcasting
  5893 | D:5      | Found Qytass's Antique Weapon Boutique.
  6110 | D:6      | Noticed Duvessa
  6116 | D:6      | Noticed Dowan
  6128 | D:6      | Killed Duvessa
  6262 | D:6      | Found a staircase to the Ecumenical Temple.
  6272 | Temple   | Entered the Ecumenical Temple
  6342 | Temple   | Became a worshipper of Yredelemnul the Dark
  6614 | D:6      | Killed Dowan
  6751 | D:6      | Identified the +1 robe of Ufeh {+Inv rF+ Str-2} (You found it on level 4 of the Dungeon)
  7111 | D:6      | Reached skill level 1 in Summonings
  7339 | D:7      | Reached skill level 1 in Invocations
  7598 | D:7      | Reached skill level 10 in Ice Magic
  7661 | D:7      | Reached * piety under Yredelemnul
  8048 | D:7      | Reached XP level 10. HP: 18/82 MP: 17/17
  9252 | D:8      | Noticed Psyche
  9259 | D:8      | Killed Psyche
  9742 | D:9      | Found a glowing silver altar of Zin.
  9826 | D:9      | Noticed a gargoyle
  9837 | D:9      | Killed a gargoyle
  9882 | D:9      | Found a deep blue altar of Sif Muna.
  9882 | D:9      | Found a snail-covered altar of Cheibriados.
 10282 | D:10     | Entered Level 10 of the Dungeon
 10334 | D:10     | Reached ** piety under Yredelemnul
 10348 | D:10     | Reached skill level 5 in Summonings
 10587 | D:10     | Found a sacrificial altar of Ru.
 10965 | D:10     | Noticed a two-headed ogre
 10977 | D:10     | Killed a two-headed ogre
 11363 | D:11     | Reached skill level 5 in Invocations
 11565 | D:11     | Reached XP level 11. HP: 67/93 MP: 10/19
 11608 | D:11     | Found a staircase to the Orcish Mines.
 11626 | D:11     | Reached *** piety under Yredelemnul
 11696 | D:11     | Noticed an eight-headed hydra
 11707 | D:11     | HP: 2/94 [eight-headed hydra (6)]
 11707 | D:11     | Mangled by an eight-headed hydra

Skill      XL: |  1  2  3  4  5  6  7  8  9 10 |
---------------+-------------------------------+-----
Spellcasting   | 2 3 4 5 6 |  6.6
Slings         | 1 |  1.1
Ice Magic      | 4 5 6 7 9 10 | 10.1
Fighting       | 1 2 3 4 5 6 8 |  8.1
Summonings     | 3 6 |  6.3
Invocations    | 2 5 |  5.0
Dodging        | |  1.8
Stealth        | |  2.5
Conjurations   | |  0.7

Action                   |  1- 3 |  4- 6 |  7- 9 | 10-12 || total
-------------------------+-------+-------+-------+-------++-------
Melee: Hand axe          |     5 |       |       |       ||     5
       Unarmed           |     2 |       |       |       ||     2
       Whip              |       |       |    10 |       ||    10
       Double sword      |       |       |    26 |    56 ||    82
       Hunting sling     |       |       |     3 |       ||     3
 Fire: Hunting sling     |    81 |    87 |   276 |   182 ||   626
Throw: Stone             |     4 |       |     7 |       ||    11
 Cast: Freeze            |    24 |    47 |   164 |    63 ||   298
       Throw Frost       |       |       |     1 |       ||     1
       Summon Ice Beast  |       |       |       |    25 ||    25
Evoke: Wand              |       |       |       |     2 ||     2
  Use: Scroll            |       |    10 |    13 |     5 ||    28
       Potion            |       |       |     1 |       ||     1
 Stab: Sleeping          |     1 |       |       |     1 ||     2
  Eat: Chunk             |    14 |    18 |    36 |    31 ||    99
Armor: Robe              |    10 |     2 |       |       ||    12
       Leather armour    |       |    10 |    96 |       ||   106
       Ring mail         |       |       |    20 |    96 ||   116
Dodge: Dodged            |    21 |    33 |   118 |   103 ||   275
       Rpst.: Double sword |       |       |     1 |     9 ||    10
